 Dungeon Crawl Stone Soup version 0.21-a0-92-g7bf63f6 (webtiles) character file.

205 Ordine the Cudgeler (level 5, 0/32 HPs)
             Began as a Gargoyle Fighter on July 1, 2017.
             Slain by an orc priest
             ... wielding a +0 flail
              (8 damage)
             ... on level 4 of the Dungeon.
             The game lasted 00:07:54 (2919 turns).

Ordine the Cudgeler (Gargoyle Fighter)              Turns: 2919, Time: 00:07:56

Health: 0/32       AC: 10    Str: 20    XL:     5   Next: 83%
Magic:  5/5        EV: 10    Int:  8    God:
Gold:   151        SH:  9    Dex: 10    Spells: 2/4 levels left

rFire    . . .     SeeInvis .   r - +0 morningstar
rCold    . . .     Gourm    .   c - +0 shield
rNeg     + . .     Faith    .   b - +0 scale mail
rPois    ∞         Spirit   .   (no helmet)
rElec    +         Reflect  .   (no cloak)
rCorr    .         Harm     .   (no gloves)
MR       .....                  (no boots)
Stlth    ..........             (no amulet)
HPRegen  0.10/turn              h - +3 ring of evasion
MPRegen  0.09/turn              (no ring)

@: no status effects
A: negative energy resistance 1, electricity resistance, unbreathing,
petrification resistance, rot immunity, AC +4
a: no special abilities


You were on level 4 of the Dungeon.
You were not hungry.

You visited 1 branch of the dungeon, and saw 4 of its levels.

You collected 151 gold pieces.

Inventory:

Hand Weapons
 r - a +0 morningstar (weapon)
Armour
 b - a +0 scale mail (worn)
 c - a +0 shield (worn)
Jewellery
 h - a +3 ring of evasion (left hand)
Scrolls
 i - 2 scrolls of identify
 m - a scroll of remove curse
 q - a scroll of amnesia {unknown}
Potions
 d - a potion of might
 g - 2 potions of flight
 j - a potion of haste
 l - 4 potions of curing
 p - 2 potions of heal wounds {unknown}
Books
 e - a book of Minor Magic

   Spells                             Type                      Level
   a - Magic Dart                     Conjuration                  1
   b - Blink                          Translocation                2
   c - Call Imp                       Summoning                    2
   d - Slow                           Hexes                        2
   e - Conjure Flame                  Conjuration/Fire             3
   f - Mephitic Cloud                 Conjuration/Poison/Air       3
Comestibles
 f - 5 bread rations
 k - a fruit
 o - a royal jelly


   Skills:
 - Level 3.2 Fighting
 * Level 5.0 Maces & Flails
 - Level 3.2 Armour
 + Level 4.6 Shields


You had 2 spell levels left.
You knew the following spells:

 Your Spells              Type           Power        Failure   Level  Hunger
b - Blink                 Tloc           N/A          100%        2    ###....


Dungeon Overview and Level Annotations

Branches:
Dungeon (4/15)
 Temple: D:4-7

Altars:
Trog


Innate Abilities, Weirdness & Mutations

You are resistant to torment.
Your stone body is resilient. (AC +4)
You are immune to poison.
You resist negative energy. (rN+)
You are resistant to electric shocks. (rElec)
You can survive without breathing.
You are immune to petrification.
You are immune to rotting.


Message History

You hit the orc priest.
The orc priest is lightly wounded.
The orc priest mumbles some strange prayers to Beogh against you.
Pain shoots through your body!
An orc wizard comes into view. It is wielding a dagger.
You are too injured to fight recklessly!
You are too injured to fight recklessly!
You are too injured to fight recklessly!
You barely miss the orc priest.
The orc priest is lightly wounded.
The orc priest hits you but does no damage.
An orc comes into view. It is wielding a flail.
You barely miss the orc priest.
The orc priest is lightly wounded.
The orc priest invokes the aid of Beogh against you.
Pain shoots through your body!
* * * LOW HITPOINT WARNING * * *
The orc wizard gestures wildly while chanting.
The orc wizard blinks!
The orc priest hits you with a flail!
You die...

#.# #.. #.#
#######.# #.#
#h....oh# #.#
#.#####.# #.# #.#
#.. ###.###.# ###
#....o..#
###.######.#o#####
.....o.@oo§..#
.#############


You could see 2 orc priests, an orc wizard and an orc.

Vanquished Creatures
  Blork the orc (D:3)
  A gnoll (D:1)
  3 adders
  An ooze (D:3)
  2 worms
  A dart slug (D:1)
  2 leopard geckos
  3 orcs
  2 giant cockroaches (D:2)
  7 goblins
  5 hobgoblins
  7 jackals
  2 quokkas (D:3)
  7 bats
  8 frilled lizards
  11 kobolds
  23 rats
86 creatures vanquished.

Notes
Turn   | Place    | Note
-------+----------+-------------------------------------------
     0 | D:1      | Ordine the Gargoyle Fighter began the quest for the Orb.
     0 | D:1      | Reached XP level 1. HP: 14/14 MP: 1/1
    21 | D:1      | Reached XP level 2. HP: 2/19 MP: 2/2
   371 | D:1      | Reached skill level 3 in Maces & Flails
   419 | D:1      | Reached XP level 3. HP: 16/23 MP: 3/3
  1146 | D:2      | Reached XP level 4. HP: 27/28 MP: 4/4
  1251 | D:2      | Found a bloodstained altar of Trog.
  1653 | D:2      | Learned a level 2 spell: Blink
  1708 | D:2      | Reached skill level 4 in Maces & Flails
  2339 | D:3      | Reached XP level 5. HP: 32/32 MP: 5/5
  2644 | D:4      | Noticed Blork the orc
  2692 | D:3      | Killed Blork the orc
  2912 | D:4      | Reached skill level 5 in Maces & Flails
  2919 | D:4      | Slain by an orc priest

Vault maps used:
D:1:      erik_arrival_orb_chamber, feat_on_display
D:2:      nicolae_overflow_hidden_temple
D:3:      kennysheep_big_flooded_room, first_bread
D:4:      minitemple, minmay_temple_entry_overgrown, uniq_robin,
          uniq_blork_the_orc, uniq_menkaure

Skill      XL: |  1  2  3  4  5 |
---------------+----------------+-----
Maces & Flails | 3 4 5 |  5.0
Shields        | 4 |  4.6
Fighting       | |  3.2
Armour         | |  3.2

Action                   |  1- 3 |  4- 6 || total
-------------------------+-------+-------++-------
Melee: Flail             |   194 |   168 ||   362
       Morningstar       |       |    21 ||    21
  Use: Scroll            |       |     9 ||     9
       Potion            |       |     1 ||     1
  Eat: Chunk             |     1 |     6 ||     7
Armor: Scale mail        |   127 |    88 ||   215
Dodge: Dodged            |    73 |    85 ||   158
Block: Shield            |   125 |   118 ||   243
